[Event "44th Chess Olympiad Open 2022"]
[Site "Chennai"]
[Date "2022.08.02"]
[Round "5.14"]
[White "Megaranto, Susanto"]
[Black "Indjic, Aleksandar"]
[Result "1/2-1/2"]
[WhiteElo "2529"]
[BlackElo "2620"]
[Annotator "TA"]
[PlyCount "80"]
[EventDate "2022.??.??"]
[TimeControl "60"]

1. e4 c5 2. c3 d5 3. exd5 Nf6 4. Nf3 Nxd5 5. d4 cxd4 6. Qxd4 {[%emt 0:
00:00] B22: Sicilian: 2 c3.} Nc6 7. Bb5 a6 8. Bxc6+ bxc6 9. O-O {
[%emt 0:01:01] [#]} e6 $146 (9... f6 $11) ({Predecessor:} 9...
Qb6 10. Nbd2 e6 11. Qxb6 Nxb6 12. b3 f6 13. Bb2 Nd5 14. Rfd1 e5 15. c4 Nf4 {
0-1 (54) Jhunjhnuwala,R (2122)-Shabalov,A (2495) Acqui Terme 2022}) 10. c4 $16 Ne7 11. Qxd8+ Kxd8 12. Rd1+ Ke8 13. Nc3 f6 {[%emt 0:00:18] [#]} 14. Ne4 $1 {[%emt 0:11:16] Hoping for Nd6+.} Ng6 15. Be3 {[%emt 0:02:04] White is much more active. The black
rooks are badly placed.} e5 16. h3 h5 17. b3 a5 18. Bb6 Bf5 19. Nd6+ Bxd6 20. Rxd6 Ne7 (20... Ra6 $1 $11 21. Rxc6 Ne7)
21. Rad1 (21. Nh4 $16) 21... Kf7 $11 22. Bc5 (22. Nh4 {is more complex.} Be6 23. Bd8 Nf5 24. Nxf5 Bxf5 25.
Bb6) 22... Be6 23. Nd2 Bf5 {[%emt 0:03:21] 
[#] Inhibits Ne4.} (23... Ra6 $11) 24. f3 $1 $16 a4 25. Ne4 (25. b4 $14 {is more appropriate.}) 25... axb3
$1 $11 26. axb3 Ra2 27. R6d2 Rha8 28. Nc3 ({White should
play} 28. b4 $14) 28... Rxd2 29. Rxd2 h4 30. Na4 Be6 31. Bxe7 Kxe7 {[%emt 0:00:12] Endgame KRB-KRN} 32. Kf2 Ra5 {[%emt 0:00:12][%cal Ye6c4] White must now prevent ...Bxc4!} 33. Rc2 f5 34. Ke3 {[%emt 0:00:37]
The position is equal.} f4+ 35. Kf2 ({But not
} 35. Ke4 $2 g6 36. Kd3 Bf5+ 37. Kc3 Bxc2 38. Kxc2 e4 $19) 35... Kd6 36. Rd2+ Kc7 {[%emt 0:00:09][%cal Ye6c4] aiming for ..
.Bxc4!} 37. Rc2 Bf7 38. Rc1 Be6 39. Rc2 Bf7 40. Rc1 Be6 {[%emt 0:00:15] Weighted Error Value: White=0.14 (very
precise) /Black=0.17 (very precise)} 1/2-1/2

[Event "44th Chess Olympiad Open 2022"]
[Site "Chennai"]
[Date "2022.08.02"]
[Round "5.14"]
[White "Ervan, Mohamad"]
[Black "Ivanisevic, Ivan"]
[Result "1/2-1/2"]
[WhiteElo "2402"]
[BlackElo "2561"]
[Annotator "TA"]
[PlyCount "63"]
[EventDate "2022.??.??"]
[TimeControl "60"]

1. e4 {[%emt 0:00:08] Bulletin} c6 2. Nf3 d5 3. Nc3 dxe4 4. Nxe4 Nf6 5. Ng3 h5 6. h3 h4 {[%emt 0:00:55] B11:
Caro-Kann: Two Knights Variation.} 7. Ne2 Qa5 8. Nc3 g5 {[%emt 0:01:28] White is slightly better.} 9. d4 ({Better is} 9. Be2 $14) 9... g4 $11 10. Ne5 {
[%emt 0:09:47] [#] Strongly threatening Bc4.} gxh3 11. gxh3 {
[%emt 0:00:11] [#]} Be6 $146 ({Predecessor:} 11... Bf5 12. Bd3
Bxd3 13. Qxd3 Nbd7 14. Nf3 Nd5 15. Kf1 Nb4 16. Qe2 Qf5 17. Ne4 O-O-O {1-0 (73)
Markovic,M (2540)-Ristic,N (2420) Ulcinj 1998 EXT 1999 [Bulletin]}) 12. Bc4 Bxc4 13. Nxc4 Qh5 14. Qxh5 Rxh5 15. Rg1 Nbd7 16. Rg5 Nb6 17. Ne5 Rh7 18. Be3 Nbd5 19. Nxd5 Nxd5 20. Rg8 (
20. Nf3 $14 {should be considered.}) 20... O-O-O (20... Rg7
$11 21. Rxg7 Bxg7) 21. Ke2 $14 e6 22. c3 c5 23. dxc5 {[%emt 0:00:00] White is more
active.} Nxe3 24. fxe3 {[%emt 0:00:08] Hoping for Rd1.} Bxc5 25. Rag1 Bd6 26. Rxd8+ (26. Nf3 {keeps more tension.} Bg3 27. Rg4 f5 28. Rg6) 26...
Kxd8 {[%emt 0:00:05] Endgame KRB-KRN} 27. Rg8+ Ke7 28. Nf3 f5 {[%emt 0:00:00] The position is equal.} 29.
Ng5 Rh6 30. Nf3 Rh7 {
[%emt 0:14:18] Prevents Rg7+.} 31. Ng5 Rh6 32. Nf3 {[%emt 0:07:50] Weighted Error Value: White=0.09 (flawless) /Black=0.
07 (flawless)} 1/2-1/2

[Event "44th Chess Olympiad Open 2022"]
[Site "Chennai"]
[Date "2022.08.02"]
[Round "5.15"]
[White "Delgado Ramirez, Neuris"]
[Black "Mchedlishvili, Mikheil"]
[Result "1/2-1/2"]
[WhiteElo "2614"]
[BlackElo "2593"]
[Annotator "TA"]
[PlyCount "90"]
[EventDate "2022.??.??"]
[TimeControl "60"]

1. e4 c5 2.
Nf3 e6 3. d4 cxd4 4. Nxd4 Nc6 5. Nc3 Qc7 6. a3 a6 7. Be3 b5 8. Nxc6 Qxc6 9. Be2 {[%emt 0:00:31] 9.Bd3 is the fancy move.} Bb7 {[%emt 0:01:24] B49:
Sicilian: Taimanov: 5 Nc3 Qc7 6 Be3 a6 7 Be2.} 10. Qd4 Rc8 {
[%emt 0:02:17] [#]} 11. f3 $146 ({Predecessor:} 11. Rd1 d6 12.
O-O Nf6 13. Bf3 Qc7 14. a4 b4 15. Qxb4 d5 16. Qb3 dxe4 17. Be2 {1-0 (33) Ter
Sahakyan,S (2617)-Erigaisi,A (2575) Montebelluna 2020}) 11... Nf6 12. e5 Nd5 13. Nxd5 Qxd5 14. Qxd5 Bxd5 15. Kd2 Bc4 16. Bxc4 Rxc4 17. b3 Rc6 18. b4 {[%emt 0:01:13]
Prevents Bc5.} g5 19. Bd4 ({Of course not} 
19. Bxg5 Rg8 20. h4 h6 $17) 19... g4 20. f4 Bh6 21. g3 O-O $1 22. a4 d6 23. axb5 axb5 24. Kd3 Rd8 25. c3 $1 dxe5 26. fxe5 f6 {[%emt 0:00:17] [#] White
must now prevent ...fxe5.} 27. Rhe1 fxe5 28.
Rxe5 {[%emt 0:01:06] Hoping for Ra7.} Bg7 29. Rg5 e5 $1 30. Ra7 Rg6 31.
Rxg7+ $1 Rxg7 32. Rxe5 $11 {[%emt 0:00:06]
Endgame KRR-KRB} Rb8 33. c4 bxc4+ 34. Kxc4 Rc7+ 35. Bc5 Kf7 36. Rg5 Rd7 37. Rxg4 Rbb7 38. Rh4 Ke8 39. b5 Rd1 40. b6 Rf7 $1 41. Kb5 {[%emt 0:44:28] aiming for Rd4.
} Kd7 $1 42. Rh5 (42. Ka6 $14) 42... Kc8 {
[%emt 0:03:18] The position is equal.} 43. Kc6 {[%emt 0:01:49] And now Rh6
would win.} Rf6+ 44. Kb5 Rf7 45. Kc6 {[%emt 0:00:30] Threatens to win with Rh6.} Rf6+ {[%emt 0:00:39]
Weighted Error Value: White=0.05 (flawless) /Black=0.02 (flawless)} 1/2-1/2

[Event "44th Chess Olympiad Open 2022"]
[Site "Chennai"]
[Date "2022.08.02"]
[Round "5.15"]
[White "Jobava, Baadur"]
[Black "Bachmann, Axel"]
[Result "1-0"]
[WhiteElo "2585"]
[BlackElo "2588"]
[Annotator "TA"]
[PlyCount "113"]
[EventDate "2022.??.??"]
[TimeControl "60"]

1. Nf3 d5 2. c4 c6 3. g3 Bg4 4. Ne5 Bf5 5. cxd5 Qxd5 {[%emt 0:04:49] [#]} 6. d4 $146 {
[%emt 0:06:44] A11: English Opening: 1...c6.} (6. Qb3 $11 Nd7 7. Qxd5 (7. Qxb7
$2 Rb8 $19) 7... cxd5 8. Nxd7 Bxd7 9. d4) ({Predecessor:} 6. Qb3 Qxb3 7. axb3
Na6 8. Bg2 Nc5 9. O-O Nxb3 10. Ra3 Nd4 11. Nc3 f6 12. Nc4 {0-1 (46)
Mikhalevski,V (2519)-Ramirez Alvarez,A (2593) Wheeling 2012}) 6... e6 {[%emt 0:
00:00] [#]} (6... Qxh1 $2 7. Qb3 Qd5 8. Qxb7 $18) (6... Bxb1 $15 7. Rxb1 Nd7)
7. Qb3 $1 $11 Qxb3 8. axb3 {[%emt 0:00:05]
The position is equal.} Bc2 9. Bg2 Nd7 10. Nc4 Ngf6 11. Bf4 Bxb3 12. Nd6+ Bxd6 13. Bxd6 Bd5 14. f3 Nb6 15. e4 Bc4 16. Kf2 O-O-O 17. Bc5 {[%emt 0:01:17] This bishop
pair is nice.} Nfd7 18. Be7 {[%emt 0:03:57] White has
compensation.} Rde8 19. Bd6 Ba6 20. b3 {[%emt 0:00:18] Inhibits Nc4.} Kd8 21. Rc1 Nc8 22. Bb4 Kc7 23. f4 Nf6 24. h3 Rd8 25. Ke3 h5 26.
Nd2 {[%emt 0:00:34] Nf3 is the strong threat.} (26. Ra5 $5 )
26... Nd7 27. Nc4 Bb5 28.
Bf3 f6 29. Ra2 f5 (29... Kb8 $11) 30. e5 $14 Ndb6 (
30... Kb8 $14) 31. Nxb6 {0x0.001b8378eaf2dp-1022s more active pieces.} (31. Nd6
$1 $16 Nxd6 32. Bxd6+ Kc8 33. Rxa7) 31... Nxb6 (31... axb6 $15 {
stays ahead.} 32. Ra8 g6) 32. Bd6+ $16 {[%emt 0:01:31] White stays focused
until the end.} Rxd6 33. exd6+ Kb8 ({Better is} 33... Kxd6 34. Rxa7 Rb8) 34. Kf2 {[%emt 0:01:11] aiming
for Re1.} Rd8 35. Bxh5 Rxd6 36. Rd2 Nd5 37. Bf3 Nb4 38. Ke3 {[%emt 0:00:07] Prevents Nd3.} Rd8 39.
g4 Rh8 {[%emt 0:00:08] [#]} 40. Rh1 a5 {[%emt 0:01:05] [#]} (40... Rh4 $16 41. Kf2 fxg4) 41. g5 $1
$18 Kc7 42. h4 Kd6 43. h5 Ke7 44. h6 g6 45. Be2 Nd5+ 46. Kf3 {[%emt 0:00:06] Black must now prevent Bxb5.} Nc3 (46... Bxe2+ {was necessary.} 47. Rxe2 Kf7) 47. Bc4 {[%emt 0:
02:52] White is clearly winning.} Bxc4 48. bxc4 {[%emt 0:00:
05] Endgame KRR-KRN} b5 49. Rb2 a4 50. Rc1 a3 51. Rb3 Ne4 52. Rxa3 {[%emt 0:02:56] Hoping for Ra7+.} Nd2+ 53. Ke2 Nxc4 54. Ra7+ Kd6 55. Rca1 {[%emt 0:01:30] Strongly threatening Ra8.} Nb6
{[%emt 0:00:26] Inhibits Ra8.} 56. Rg7 Nd5 57. Raa7 {[%emt 0:00:13] Weighted Error Value: White=0.13 (very precise) /
Black=0.30} 1-0

[Event "44th Chess Olympiad Open 2022"]
[Site "Chennai"]
[Date "2022.08.02"]
[Round "5.15"]
[White "Paichadze, Luka"]
[Black "Cubas, Jose Fernando"]
[Result "1-0"]
[WhiteElo "2561"]
[BlackElo "2451"]
[Annotator "TA"]
[PlyCount "83"]
[EventDate "2022.??.??"]
[TimeControl "60"]

1. e4 {[%emt 0:00:03] ChessBase II} c5 2. Nf3 d6 3. d4 cxd4 4. Qxd4 Nc6 5. Bb5 Bd7 6. Qd3 g6 7. O-O {[%emt 0:00:
00] B53: Sicilian: 2...d6: Lines with Qxd4.} Bg7 8. c4 Nf6 9. Nc3 {[%emt 0:00:18] The position is
equal.} O-O 10. h3 Rc8 11.
Be3 Nb4 {[%emt 0:03:24] is the legacy move (11...a6).} 12. Qe2 a6 13. Bxd7 Nxd7 14. Rac1 Bxc3 15. Rxc3 Nxa2 16. Rb3 {[%emt 0:00:11] [#]
aiming for Ra1. White is more active.} Nc5 $1 17. Bxc5 dxc5 18. Rxb7 {[%emt 0:00:17] [#]} Rb8 $146 (18... Rc7 $5 19. Rb6 Nb4 $14) ({Predecessor:} 
18... Rc7 19. Rxc7 Qxc7 20. Rd1 Rd8 21. Rxd8+ Qxd8 22. Qe3 Qb6 23. Qd2 Qd6 24.
Qa5 Nb4 25. e5 Qd1+ 26. Kh2 Qc1 27. Qxc5 Qf4+ 28. Kg1 {½-½ (28) Malakhov,V 
(2691)-Safarli,E (2657) Brest 2018 EXT 2019 [ChessBase II]}) 19. Ra7 Ra8 20. Rxa8 Qxa8 21. Qe3 Qb7 22. Qxc5 Qxb2 ({Black should try} 22... Rc8 $14 23. Qd4 Nb4) 23. Qxe7 $16 {
[%emt 0:00:46] Hoping for Ne5.} Nc3 {[%emt 0:00:11] [#]} (23... Qb4 $16 {
was worth a try.} 24. c5 Nc3) 24. e5 (24. Ne5 $1 $18 {and
White stays clearly on top.}) 24... Ne2+ 25. Kh2 {[%emt 0:03:11] And now Qh4 would win.} (25. Kh1 $5 Nd4 26. Nxd4 Qxd4 27. Qc7 $16) 25... Nd4 $1 26. Ng5 {
[%emt 0:01:12][%cal Yg5h7] Black must now prevent Nxh7!} Nc6 27. Qd6 Qxe5+ 28. Qxe5 Nxe5 $11 {[%emt 0:00:04] Endgame KRN-KRN} 29. Ra1 Ra8 30. c5 a5 31. Ne4 Nc6 32. Nc3 Rb8 33. Rd1 Rb3 34. Ne4 f5 35. Nf6+ Kf7 (35... Kg7 $5 ) 36. Nxh7 Ne5 (36... Ke7 $11 {
keeps the balance.}) 37. Rd5 Ke6 38. Rd6+ Ke7 39. Nf6 {[%emt 0:05:45] Threatens to win
with Nd5+.} a4 $2 (39... Kf7 $16) 40. Nd5+ $18 Kf7 41. c6 Nc4 (41... Nxc6
$18 42. Rxc6 Rb5 43. Rc7+ Kf8) 42. Rf6+ {[%emt 0:01:23] Weighted Error Value:
White=0.07 (flawless) /Black=0.47} 1-0

[Event "44th Chess Olympiad Open 2022"]
[Site "Chennai"]
[Date "2022.08.02"]
[Round "5.15"]
[White "Zacarias, M Ruben D"]
[Black "Pantsulaia, Levan"]
[Result "0-1"]
[WhiteElo "2175"]
[BlackElo "2581"]
[Annotator "TA"]
[PlyCount "91"]
[EventDate "2022.??.??"]
[TimeControl "60"]

1. e4 c5 2. Nf3 e6 3. d4 cxd4 4. Nxd4 a6 5. Bd3 Ne7 6. Nc3 Nec6 {[%emt 0:00:21] B42: Sicilian: Kan Variation: 5
Bd3.} 7. Nb3 d6 8. O-O Be7 {
[%emt 0:01:13] The position is equal.} 9. f4 b5 10. Be3 Nd7 11. a4 b4 {
[%emt 0:00:40] [#]} 12. Nb1 $146 ({
Predecessor:} 12. Ne2 O-O 13. Qd2 Bb7 14. Ng3 g6 15. Qf2 Bf6 16. Rab1 Bg7 17.
Kh1 a5 18. Rfd1 {½-½ (34) Berggren Torell,H (2176)-Andreasson,I (2356)
Gothenburg 2015}) 12... O-O 13. N1d2 a5 14. Bb5 Bb7 15. Nc4 Qc7 16. Qd3 Ncb8 17.
Bd4 (17. Rac1 $5 ) 17... d5 18.
exd5 (18. Qg3 $5 g6 19. exd5 Bxd5 20. Ne3 $11)
18... Bxd5 19. Ne3 Bb7 20.
Rad1 Rd8 21. Ng4 {[%emt 0:09:58] [#] Black
must now prevent Qg3.} Nf6 22. Be5 Qb6+ 23. Bd4 Qc7 24. Be5 Qb6+ 25. Bd4 Qc7 26.
Be5 Qc8 27. Qe2 Nbd7 (27... Nxg4 {is more complex.} 28. Qxg4 g6 29. Rxd8+ Bxd8 30.
c4 bxc3 31. Bxc3 Nd7) 28. Nxf6+ Nxf6 29.
Rxd8+ Bxd8 30. c4 bxc3 31. bxc3 Bb6+ 32. Kh1 Ne4 (32... Nd5 $15) 33. c4 Qd8 {[%emt 0:01:14] [#] Strongly threatening ...Qh4.} 34. Nc1 $2 {[%emt 0:00:
00] This move loses the game for White.} (34. c5 $11 Nxc5 35. Nxc5 Bxc5 36.
Bxg7) 34... Qh4 $19 {[%emt 0:00:58][%csl Gh4][%cal Re4g3] Black is clearly
winning.} 35. Rf3 {[%emt 0:02:43] Prevents Ng3+.} Rd8 {[%emt 0:01:53] ( -> ...
Nf2+)} 36. c5 Rd2 37. cxb6 Rxe2 38. Bxe2 Nf2+ 39. Kg1 Ng4 40. h3 Qe1+ 41. Bf1 Nxe5 42. Rb3 Nd7 {[%emt 0:00:00] Threatens to win with ...Nc5.} 43. Ne2 Qd2 44. Kf2 Qd6 45. Rb5 Ba6 46. Ke3 {[%emt 0:00:36] Weighted Error
Value: White=0.78/Black=0.46} 0-1

[Event "44th Chess Olympiad Open 2022"]
[Site "Chennai"]
[Date "2022.08.02"]
[Round "5.16"]
[White "Mastrovasilis, Athanasios"]
[Black "Macovei, Andrei"]
[Result "1/2-1/2"]
[WhiteElo "2527"]
[BlackElo "2478"]
[Annotator "RC"]
[PlyCount "79"]
[EventDate "2022.??.??"]
[TimeControl "60"]

1. d4 Nf6 2. c4 e6 3. Nc3 d5 4. cxd5 Nxd5 5. Nf3 c5 6. e3 cxd4 7. exd4 Nxc3 8. bxc3 Qc7 9. Bd2 Nd7 10. Bd3 Bd6 11. O-O b6 12. Re1 Bb7 13. a4 O-O 14. h3 h6 15. Qe2 Rfe8 16. Be4 Bxe4 17. Qxe4 Rac8 18. Qd3 Qc4 19. Qxc4 Rxc4 20. a5 Nf6 21. axb6 axb6 22. Reb1 Nd5 23. Kf1 Rec8 24. Rb3 R8c7 25. Ke2 Nxc3+ 26. Bxc3 Rxc3 27. Rxb6 Rc2+ 28. Kf1 Be7 29. Rd1 Bf6 30. Rb3 Ra2 31. Rbd3 Rcc2 32. R1d2 Rxd2 33. Nxd2 Ra4 34. Nf3 Kf8 35. Ke2 Ke7 36. Ke3 Kd6 37. Rb3 Kc6 38. Rc3+ Kd6 39. Rb3 Kc6 40. Rc3+ 1/2-1/2

[Event "44th Chess Olympiad Open 2022"]
[Site "Chennai"]
[Date "2022.08.02"]
[Round "5.16"]
[White "Schitco, Ivan"]
[Black "Theodorou, Nikolas"]
[Result "1/2-1/2"]
[WhiteElo "2490"]
[BlackElo "2575"]
[Annotator "TA"]
[PlyCount "56"]
[EventDate "2022.??.??"]
[TimeControl "60"]

1.
c4 Nf6 2. Nc3 g6 3. d4 Bg7 4. e4 d6 5. Be2 O-O 6. Be3 Na6 {[%emt 0:01:24] E73: King's Indian: Averbakh Variation without 6...
c5.} 7. h4 h5 8. f3 c5 {
[%emt 0:01:51] White is slightly better.} 9. d5 e6 10. Qd2 exd5 11. cxd5 (11. Nxd5 Nxd5 12. cxd5 f5 $15) 11... Nc7 12. a4
{[%emt 0:03:41] [#]} a6 $146 ({Predecessor:} 12... Re8 13. Nh3
Bxh3 14. Rxh3 a6 15. a5 Rb8 16. Kf2 b5 17. axb6 Rxb6 18. Rhh1 Nb5 19. Nxb5 axb5
{0-1 (48) Trost,E (2366)-Matinian,N (2435) Chess.com INT 2022}) 13. Nh3 Bxh3 14. Rxh3 b5 15. Bh6 Re8 16.
Bxg7 Kxg7 17. Kf1 Qe7 (17... Nd7 {with more complications.} 18. Rh1 Qf6 19. Qg5 Qd4)
18. axb5 axb5 19. Rxa8 Rxa8 20. Bxb5 Ng4 21. fxg4 (21. Be2 $5 Ra1+ 22. Nd1 $14) 21... Ra1+ $1 {
[%emt 0:00:22] The position is equal.} 22. Ke2 hxg4 ({Much less strong is} 22... Nxb5 23. Nxb5 Qxe4+ 24. Kf2 hxg4 25. Ra3 (
25. Nxd6 Qe7 $11) 25... g3+ 26. Rxg3 (26. Kxg3 Rh1 $11) 26... Qxh4 27. Nc3 $16
(27. Nxd6 Qf6+ 28. Nf5+ Qxf5+ 29. Rf3 Qe5 $11) (27. Qc3+ Kg8 $11)) 23. Re3 {
[%emt 0:05:11] [#] aiming for Bc4.} Qf6 $1 24. Kd3 Qd4+ 25. Ke2 {[%emt 0:04:39]
Threatens to win with Bc6.} Qf6 26. Kd3
{[%emt 0:00:32] Hoping for Kc2.} Qd4+ 27. Ke2 {[%emt 0:00:16]
[#] Strongly threatening Bc6.} Qf6 28.
Kd3 {[%emt 0:00:08] And now Kc2 would win.} Qd4+ {[%emt 0:00:25] Weighted
Error Value: White=0.11 (very precise) /Black=0.12 (very precise)} 1/2-1/2

[Event "44th Chess Olympiad Open 2022"]
[Site "Chennai"]
[Date "2022.08.02"]
[Round "5.16"]
[White "Hamitevici, Vladimir"]
[Black "Banikas, Hristos"]
[Result "0-1"]
[WhiteElo "2473"]
[BlackElo "2598"]
[Annotator "TA"]
[PlyCount "112"]
[EventDate "2022.??.??"]
[TimeControl "60"]

1. d4 Nf6 2. c4 e6 3. Nf3 b6 4. g3 Bb4+ 5. Bd2 a5 6. Bg2 Bb7 7. O-O O-O 8. Bf4 Be7 9. Qc2 {[%emt 0:05:18] E16: Queen's Indian: 4 g3
Bb7 5 Bg2 Bb4+.} Be4 10. Qc1 Bb7 11. Nc3 {[%emt 0:05:39] White is slightly better.} Ne4 12. d5 Nxc3 13. Qxc3 Na6 {
[%emt 0:00:05] [#]} 14. Rfd1 $146 ({Predecessor:} 14. e4 Nc5
15. Qc2 d6 16. Be3 g6 17. Rad1 exd5 18. cxd5 {1-0 (60) Salimova,N (2372)-Gara,
T (2371) Valjevo 2020}) 14... Nc5 15. Nd4 Bf6 16. Be3 Qc8 17. Qc2 Re8 18. Rab1 g6 19. b3 exd5 20. cxd5 Rxe3 21. fxe3 Qe8 22. e4 Qe5 $1 23. Nf3 Qxe4 24. Qxe4 Nxe4 25. Rbc1 (25. Ne5 {keeps more tension.} Nc3 26. Nxd7 Bg5 27. d6) 25... Nc3 26. Rxc3 Bxc3 {[%emt 0:00:04] This bishop
pair is nice.} 27. Rc1 Bb4 $36 {[%emt 0:01:13] Black is more
active.} 28. Rxc7 Bxd5 29. Ng5 (29. Rxd7 $15 Bc5+ 30. Kf1) 29... Bxg2 $17 30. Kxg2 {
[%emt 0:00:05] Endgame KRB-KRN} Re8 {[%emt 0:00:15] And now ...h6 would win.}
31. Kf3 Re5 $1 32. h4 h6 33. Ne4 d5 34. Nc3 Bc5 {[%emt 0:01:01] Hoping for ...Re3+.} 35. e4 {[%emt 0:00:06] [#]} (
35. Nd1 $142) 35... dxe4+ $2 (35... f5 $1 $19 {has better
winning chances.} 36. Kf4 (36. Rc8+ $2 Kf7 $19) 36... Bd6) 36. Nxe4 Be7 37. a4 Re6 38.
Nd2 Kg7 39. Nc4 Bc5 40. Rd7 Rf6+ 41. Ke4 Rf1 42. Rd3 Rg1 43. Ne5 Bf2 44. Kf4 Re1 45. Nc4 Bc5 46. Ne5 {
[%emt 0:01:35] [#]} (46. g4 $17) 46... f5 $1 $19 47. Nc4 $2 (47. Nd7 Re4+ 48. Kf3) 47... Kf6 48. Kf3 g5 49. hxg5+ hxg5 50. g4 (50. Kg2 $142) 50... Rf1+ 51.
Ke2 Rf2+ 52. Ke1 fxg4 {
[%emt 0:00:32][%cal Yf5g4,Yg4g3] Threatens to win with ...Rf3.} 53. Nxb6 Bxb6 54. Rd6+ Kf5 55. Rxb6 g3 56. Rc6 Rf4 {[%emt 0:00:27] Weighted Error Value: White=0.44/Black=0.07 (flawless)} 0-1

[Event "44th Chess Olympiad Open 2022"]
[Site "Chennai"]
[Date "2022.08.02"]
[Round "5.16"]
[White "Ioannidis, Evgenios"]
[Black "Ceres, Dragos"]
[Result "0-1"]
[WhiteElo "2459"]
[BlackElo "2378"]
[Annotator "RC"]
[PlyCount "86"]
[EventDate "2022.??.??"]
[TimeControl "60"]

1. c4 e6 2. Nc3 d5 3. d4 a6 4. Nf3 dxc4 5. e3 Nf6 6. a4 c5 7. Bxc4 cxd4 8. exd4 Be7 9. O-O O-O 10. Bf4 Nbd7 11. d5 Nb6 12. d6 Nxc4 13. dxe7 Qxe7 14. Qd4 e5 15. Nxe5 Nxe5 16. Bxe5 Rd8 17. Bxf6 Qxf6 18. Qxf6 gxf6 19. a5 Be6 20. Ne4 f5 21. Nc5 Rac8 22. b4 Rd4 23. Rfb1 Rc7 24. h3 Kg7 25. Nxe6+ fxe6 26. b5 axb5 27. Rxb5 Rd5 28. Rxd5 exd5 29. Rb1 d4 30. f4 Rd7 31. Kf2 d3 32. Ke3 Kg6 33. Kd2 Kh5 34. Rb5 Kh4 35.
Rxf5 Kg3 36. Rf8 Kxg2 37. f5 Kxh3 38. f6 Kg4 39. Rg8+ Kf5 40.
Rg7 Ke6 41. Rxd7 Kxd7 42. Kxd3 Ke6 43. Kd4 h5 0-1

[Event "44th Chess Olympiad Open 2022"]
[Site "Chennai"]
[Date "2022.08.02"]
[Round "5.17"]
[White "Vocaturo, Daniele"]
[Black "Meier, Georg"]
[Result "1/2-1/2"]
[WhiteElo "2616"]
[BlackElo "2613"]
[Annotator "RC"]
[PlyCount "60"]
[EventDate "2022.??.??"]
[TimeControl "60"]

1. e4 e6 2. d4 d5 3. Nc3 dxe4 4. Nxe4 Nd7 5. Nf3 Ngf6 6. Nxf6+ Nxf6 7. Be3 Bd6 8. Bd3 O-O 9. Qe2 b6 10. O-O-O Bb7 11. Rhe1 Nd5 12. Kb1 Nxe3 13. fxe3 Bxf3 14. gxf3 Qh4 15. f4 c5 16. c3 cxd4 17. cxd4 Rac8 18. Rc1 Rfd8 19. a3 g6 20. Rg1 Rxc1+ 21. Rxc1 Kg7 22. Ka2 Rd7 23. Kb1 Rc7 24. Rd1 Qh3 25. Rg1 Qh4 26. Rd1 Qh3 27. Rg1 Qh4 28. Rd1 Qh3 29. Rg1 Qh4 30. Rd1 Qh3 1/2-1/2

[Event "44th Chess Olympiad Open 2022"]
[Site "Chennai"]
[Date "2022.08.02"]
[Round "5.17"]
[White "Sonis, Francesco"]
[Black "Diaz Hollemaert, Nahuel"]
[Result "1-0"]
[WhiteElo "2543"]
[BlackElo "2425"]
[Annotator "RC"]
[PlyCount "67"]
[EventDate "2022.??.??"]
[TimeControl "60"]

1. Nf3 d5 2. e3 c6 3. c4 Nf6 4. d4 e6 5. Bd3 Nbd7 6. b3 b6 7. O-O Be7 8. Bb2 O-O 9. Nc3 Bb7 10. Qe2 a5 11. Rfd1 Qb8 12. e4 dxe4 13. Nxe4 a4 14. bxa4 c5 15. Nxf6+ Bxf6 16. d5 exd5 17. cxd5 Bxb2 18. Qxb2 Qf4 19. Bb5 Nf6 20. Bc6 Bxc6 21. dxc6 Qc7 22. Ne5 Rfe8 23. Nc4 Ng4 24. Rd6 Rxa4 25. Rad1 Rxc4 26. Qe2 Ne5 27. f4 Rc1 28. fxe5 Rxd1+ 29. Qxd1 g6 30. Qd5 Rf8 31. Rd7 Qc8 32. e6 Kg7 33. e7 Re8 34. Rd8 1-0

[Event "44th Chess Olympiad Open 2022"]
[Site "Chennai"]
[Date "2022.08.02"]
[Round "5.17"]
[White "Hoffman, Alejandro"]
[Black "Lodici, Lorenzo"]
[Result "0-1"]
[WhiteElo "2390"]
[BlackElo "2553"]
[Annotator "TA"]
[PlyCount "78"]
[EventDate "2022.??.??"]
[TimeControl "60"]

1. d4 Nf6 2. Nf3 e6 3. c4 c5 4. e3 d5 5. cxd5 exd5 6. Be2 a6 {[%emt 0:01:27] D30: Queen's Gambit
Declined: Systems without Nc3.} 7. O-O c4 {[%emt 0:04:34] [#]}
8. a4 $146 ({Predecessor:} 8. b3 b5 9. a4 Bb7 10. axb5 axb5
11. Rxa8 Bxa8 12. Ne5 Bd6 13. Bf3 Nbd7 14. bxc4 bxc4 {½-½ (42) Muse,M (2430)
-Miles,A (2560) Berlin West 1985}) 8... Nc6 {[%emt 0:03:06] White is slightly
better.} 9. b3 cxb3 10. Nbd2 Bd6 11. Ba3 b2 12. Bxb2 O-O 13. Ne5 Nb4 14. Qb3 Bf5 15. Rfc1 {[%emt 0:00:58]
Inhibits Bc2.} Qe7 16. a5 b6 17. axb6 Qb7 18. g4 (18. Ra5
$16) 18... Be6 $14 19. f4 {[%emt 0:00:18][%cal Yf2f4,Yf4f5]
Black must now prevent Ba3.} Qxb6 20. f5 Bc8 21. Ba3 Rb8 $1 22. Bxb4 (22. g5 $5 Ne8 23. Bg4 $14) 22... Bxb4 23. Ndf3 (23. Qa2 $5 ) 23... a5 (23... Bd6 $11 {deserves consideration.} 24. Qc2 Qb3) 24. g5 ({White should play} 24. Bd3 $1 $14) 24... Ne4 $15 25. g6 Bxf5 {[%emt 0:03:26] This bishop pair is nice.} (
25... hxg6 26. fxg6 Be6 27. Bd3 $14) 26. gxf7+ Kh8 {[%emt 0:
00:00] aiming for ...Qh6.} 27. Qxd5 (27. Nc6 $1 $15 Rxf7 28.
Nfe5 (28. Nxb8 Qg6+) (28. Qxd5 Rbf8 $17)) 27... Qh6 $19 28.
Ng4 (28. Qb3 $2 Bd2 29. Qc2 Bxe3+ 30. Kf1 Nd2+ 31. Kg2 Nxf3
32. Bxf3 Bxc2 $19) 28... Qh5 {[%emt 0:00:00] Black has strong compensation.
Dancing on a razor blade.} (28... Bxg4 29. Qxe4 Bxf3 30. Qxf3 $11) 29. Nfe5 Rbd8 ({But not} 29... Nc3 $6 30. Qg2 $11) (
29... Qg5 $142 $1 {...Bxg4 is the strong threat.} 30. Nc6 (30. Kh1 $2 Bxg4 31.
Qxe4 Bxe2 $19) 30... Nf6) 30. Qb7 (30. Qa2 $17 {might work
better.}) 30... Rb8 31. Qd5 {[%emt 0:00:07] [#]} Qg5 $1 {
[%emt 0:00:32] Hoping for ...Bxg4.} (31... Nc3 $6 32. Qg2 $11) 32. Rf1 ({Don't play} 32. Kh1 Bxg4 33. Qxe4 Bxe2) 32...
Bxg4 {[%emt 0:00:43] Remove Defender} 33. Bxg4 Qxe3+ 34. Kh1 {[%emt 0:00:17] [#]} Rbd8 (34... Nf2+ $1 $17
35. Rxf2 Qxf2) 35. Qa2 (35. Bd7 $1 $15) 35... Nf6 (35... Rxd4 $17 {Threatens to win with ...Rd2.} 36. Ng6+ hxg6) 36. Qe6 Nxg4 37. Qxg4 Rxd4 38. Qh5 (38. Qf5 $15) 38... Qe4+ 39. Rf3 {[%emt 0:01:08][%cal Ye5g6] Strongly threatening Ng6+!}
Rd6 {[%emt 0:00:55] Prevents Ng6+. Weighted Error Value: White=0.32/Black=0.20
(precise)} (39... g6 $142 40. Qg5 Rd6) 0-1